 Dungeon Crawl Stone Soup version 0.22-a0-601-gb0ed703 (webtiles) character file.

95 Simmura the Poker (level 4, 0/34 HPs)
             Began as a Merfolk Skald on July 7, 2018.
             Killed from afar by Ijyb (3 damage)
             ... with a wand of flame (15)
             ... on level 3 of the Dungeon.
             The game lasted 00:12:00 (3023 turns).

Simmura the Poker (Merfolk Skald)                   Turns: 3023, Time: 00:12:01

Health: 0/34       AC:  3    Str: 12    XL:     4   Next: 65%
Magic:  8/8        EV: 12    Int: 12    God:
Gold:   140        SH:  0    Dex: 13    Spells: 3/8 levels left

rFire    . . .     SeeInvis .   a - +0 spear
rCold    . . .     Gourm    .   (no shield)
rNeg     . . .     Faith    .   b - +0 leather armour
rPois    .         Spirit   .   (no helmet)
rElec    .         Reflect  .   (no cloak)
rCorr    .         Harm     .   (no gloves)
MR       .....                  (no boots)
Stlth    +.........             (no amulet)
HPRegen  0.11/turn              (no ring)
MPRegen  0.11/turn              (no ring)

@: no status effects
A: change form in water, swift swim, stealthy swim
a: no special abilities


You were on level 3 of the Dungeon.
You were hungry.

You visited 1 branch of the dungeon, and saw 3 of its levels.

You collected 140 gold pieces.

Inventory:

Hand Weapons
 a - a +0 spear (weapon)
Armour
 b - a +0 leather armour (worn)
Jewellery
 j - an uncursed ring of resist corrosion {unknown}
 q - an uncursed ring of protection from cold {unknown}
 t - a +1 ring of slaying {unknown}
Scrolls
 c - 2 scrolls of identify {unknown}
 e - a scroll of amnesia {unknown}
 h - 5 scrolls of teleportation {unknown}
 i - a scroll of enchant weapon {unknown}
 k - 2 scrolls of remove curse {unknown}
 l - 2 scrolls of blinking {unknown}
 n - a scroll of magic mapping {unknown}
 o - a scroll of immolation {unknown}
Potions
 m - a potion of resistance {unknown}
 p - a potion of cancellation {unknown}
 r - a potion of curing {unknown}
 s - a potion of invisibility {unknown}
Comestibles
 d - 7 rations


   Skills:
 + Level 2.8 Fighting
 + Level 3.9 Polearms
 + Level 1.4 Armour
 - Level 2.6 Dodging
 * Level 2.7 Spellcasting
 + Level 3.9 Charms


You had 3 spell levels left.
You knew the following spells:

 Your Spells              Type           Power        Failure   Level  Hunger
a - Infusion              Chrm           ##..         6%          1    #......
b - Song of Slaying       Chrm           ##......     10%         2    ###....
c - Shroud of Golubria    Chrm/Tloc      #.........   22%         2    ###....

Your spell library contained the following spells:

 Spells                   Type           Power        Failure   Level  Hunger
 Regeneration             Chrm/Necr      #.........   41%         3    ###....
 Spectral Weapon          Hex/Chrm       #.......     41%         3    ###....


Dungeon Overview and Level Annotations

Branches:
Dungeon (3/15)

Altars:
Cheibriados

Annotations:
D:3 Ijyb


Message History

* * * LOW HITPOINT WARNING * * *
You closely miss Ijyb.
Ijyb is severely wounded.
You hit Ijyb but do no damage.
Ijyb is severely wounded.
Ijyb barely misses you.
You closely miss Ijyb.
Ijyb is severely wounded.
Ijyb hits you but does no damage.
You hit Ijyb but do no damage.
Ijyb is severely wounded.
Ijyb barely misses you.
You hit Ijyb.
Ijyb is almost dead.
Ijyb hits you.
* * * LOW HITPOINT WARNING * * *
You closely miss Ijyb.
Ijyb is almost dead.
Ijyb zaps a wand.
The puff of flame hits you!
You die...

########### #
#....#....#### ...
#.......(..$.###....
#####.......(...........
#.........(..#.)@.......
#............#...g......
#............#........#.
###...................#
###....#...####.#.....#
............. ..........
###.......... ..........
.....##..... ... ###....
.....#.....


You could see Ijyb.

Vanquished Creatures
  4 adders
  An ooze (D:1)
  2 worms (D:2)
  A dart slug (D:1)
  A leopard gecko (D:2)
  3 bats
  3 giant cockroaches
  6 goblins
  11 hobgoblins
  7 kobolds
  A quokka (D:3)
  A ball python (D:3)
  A frilled lizard (D:2)
42 creatures vanquished.

Notes
Turn   | Place    | Note
-------+----------+-------------------------------------------
     0 | D:1      | Simmura the Merfolk Skald began the quest for the Orb.
     0 | D:1      | Reached XP level 1. HP: 16/16 MP: 3/3
   447 | D:1      | Reached XP level 2. HP: 23/23 MP: 5/5
   546 | D:1      | Reached skill level 1 in Armour
   890 | D:2      | Reached XP level 3. HP: 27/28 MP: 6/6
  1461 | D:2      | Learned a level 2 spell: Song of Slaying
  1464 | D:2      | Learned a level 2 spell: Shroud of Golubria
  1780 | D:2      | Reached XP level 4. HP: 34/34 MP: 7/7
  2007 | D:2      | Found a snail-covered altar of Cheibriados.
  2985 | D:3      | Noticed Ijyb
  3023 | D:3      | Killed from afar by Ijyb

Vault maps used:
D:1:      dpeg_arrival_tiny_a, st_stairs_8
D:2:      cheibriados_altar_1, first_ration, minmay_unequal
D:3:      biasface_ghost_orc_armoury, uniq_ijyb

Skill      XL: |  1  2 |
---------------+-------+-----
Armour         | 1 |  1.4
Fighting       | |  2.8
Polearms       | |  3.9
Dodging        | |  2.6
Spellcasting   | |  2.7
Charms         | |  3.9

Action                   |  1- 3 |  4- 6 || total
-------------------------+-------+-------++-------
Melee: Spear             |   160 |   114 ||   274
 Cast: Infusion          |     1 |     1 ||     2
       Song of Slaying   |       |     1 ||     1
  Use: Potion            |       |     1 ||     1
  Eat: Chunk             |     3 |     3 ||     6
Armor: Leather armour    |    33 |    20 ||    53
Dodge: Dodged            |    47 |    58 ||   105

Table legend:
 A = Spawn XP
 B = Non-spawn XP
 C = Spawn XP percentage of total XP
 D = Spawn monster count
 E = Non-spawn monster count
 F = Spawn count percentage of total count
 G = Total turns spent on level
                    A         B        C        D         E        F      G
               +---------+---------+-------+---------+---------+-------+---------
         Total |       0 |     136 |   0.0 |       0 |      42 |   0.0 |  3023
               +---------+---------+-------+---------+---------+-------+---------
           D:1 |       0 |      32 |   0.0 |       0 |      13 |   0.0 |   882
           D:2 |       0 |      72 |   0.0 |       0 |      24 |   0.0 |  1558
           D:3 |       0 |      32 |   0.0 |       0 |       5 |   0.0 |   583
               +---------+---------+-------+---------+---------+-------+---------
